 Dungeon Crawl Stone Soup version 0.19.0-2-gae57169 (webtiles) character file.

1182 inmateoo the Cudgeler (level 8, -4/51 HPs)
             Began as a Gargoyle Fighter on Nov 4, 2016.
             Slain by an orc warrior
             ... wielding a +0 war axe
              (14 damage)
             ... on level 5 of the Dungeon.
             The game lasted 00:08:21 (4863 turns).

inmateoo the Cudgeler (Gargoyle Fighter)            Turns: 4863, Time: 00:08:22

Health: -4/51      AC: 17    Str: 22    XL:     8   Next: 42%
Magic:  8/8        EV:  7    Int:  9    God:
Gold:   245        SH:  9    Dex:  9    Spells: 0 memorised, 7 levels left

rFire  + . .     SeeInvis .     a - +0 flail
rCold  . . .     Gourm    +     E - +3 scale mail of the Vestibule of Hell {+Inv rF+ rCorr Stlth-}
rNeg   + . .     Faith    .     c - +0 shield
rPois  ∞         Spirit   .     (no helmet)
rElec  +         Reflect  .     G - +0 cloak (curse)
rCorr  +         Harm     .     (no gloves)
MR     .....                    (no boots)
Stlth  ..........               o - amulet of the gourmand
                                (no ring)
                                (no ring)

@: very slightly contaminated, hasted, very quick
A: negative energy resistance 1, electricity resistance, unbreathing,
petrification resistance, rot immunity, AC +5
a: Evoke Invisibility


You were on level 5 of the Dungeon.
You were full.

You visited 1 branch of the dungeon, and saw 6 of its levels.

You collected 368 gold pieces.
You spent 123 gold pieces at shops.

Inventory:

Hand Weapons
 a - a +0 flail (weapon)
Armour
 c - a +0 shield (worn)
 E - the +3 scale mail of the Vestibule of Hell (worn) {+Inv rF+ rCorr Stlth-}
   (You found it on level 6 of the Dungeon)

   It protects you from fire.
   It lets you turn invisible.
   It protects you from acid and corrosion.
   It makes you less stealthy.
 G - a cursed +0 cloak (worn)
Jewellery
 l - an uncursed ring of fire
 o - an amulet of the gourmand (around neck)
Wands
 y - a wand of confusion (5/48)
 B - a wand of acid (0/15)
Scrolls
 h - 2 scrolls of amnesia {unknown}
 j - 4 scrolls of teleportation {unknown}
 k - 2 scrolls of random uselessness {unknown}
 q - a scroll of fog {unknown}
 s - a scroll of fear {unknown}
 t - 2 scrolls of recharging {unknown}
 u - a scroll of noise {unknown}
 C - 2 scrolls of enchant weapon
Potions
 b - a potion of lignification {unknown}
 d - 2 potions of might
 e - 4 potions of haste
 g - a potion of magic {unknown}
 i - 5 potions of curing {unknown}
 n - a potion of resistance {unknown}
 v - 2 potions of flight
 x - 2 potions of mutation {unknown}
 z - a potion of agility
Comestibles
 f - 3 bread rations
 m - 2 royal jellies
 p - 3 beef jerkies
 r - 5 fruits
 w - 2 meat rations
 D - a slice of pizza


   Skills:
 + Level 6.3 Fighting
 * Level 7.2 Maces & Flails
 - Level 6.0 Armour
 + Level 3.5 Shields


You had 7 spell levels left.
You didn't know any spells.

Dungeon Overview and Level Annotations

Branches:
Dungeon (6/15)
 Temple: D:4-7

Altars:
Ashenzari
Cheibriados
Kikubaaqudgha
Trog

Shops:
D:4 ?

Annotations:
D:4 Eustachio


Innate Abilities, Weirdness & Mutations

You are resistant to torment.
Your stone body is resilient. (AC +5)
You are immune to poison.
You resist negative energy. (rN+)
You are resistant to electric shocks. (rElec)
You can survive without breathing.
You are immune to petrification.
You are immune to rotting.


Message History

Evoking this partially-identified wand wasted a few charges.
Unknown command.
Unknown command.
Evoke which item? (* to show all) (? for menu, Esc to quit)
Zapping:
B - a wand of acid {zapped: 9} (will waste charges)
Press: ? - help, Shift-Dir - straight line, f/p - orc warrior
Aim: an orc warrior, wielding a war axe and wearing a chain mail (almost dead) Nothing appears to happen.
Unknown command.
Unknown command.
Evoke which item? (* to show all) (? for menu, Esc to quit)
Zapping:
y - a wand of confusion (will waste charges)
Press: ? - help, Shift-Dir - straight line, f/p - orc warrior
Aim: an orc warrior, wielding a war axe and wearing a chain mail (almost dead, chance to defeat MR: 46%)
The orc warrior appears confused.
Evoking this partially-identified wand wasted a few charges.
You hit the orc warrior but do no damage.
The orc warrior is almost dead.
The orc warrior hits you with a war axe!
You die...

## #.##.......#######.#### #...
.# #.##......########.# #o## .#
#.##.#...###.......# #.##
.###.##.#..####.####.=# #o##
.......#........# #..# #.##
.....##.#.####### #..########.#
..((.(.......# #...o.......#
###.#####.##.########.##########
#.# #.......@o..[.# #.#
####.########## ###.# #.# ....#
#.################ #####
#.##.............#
#.#..#..#..#..##.#
#.#.###...###.##.#
#.#..#..#..#..##.#
#.##.........###.#


You could see an orc warrior (confused).

Vanquished Creatures
  A phantom (D:4)
  An ogre (D:4)
  A centaur (D:5)
  The ghost of Xiguana the Charmwright, an amateur HESk (D:3)
  Blork the orc (D:5)
  2 gnoll sergeants (D:5)
  2 scorpions
  A wight (D:4)
  2 crimson imps
  2 hounds
  A quasit (D:3)
  A centaur skeleton (D:5)
  An orc priest (D:4)
  An orc wizard (D:5)
  A bullfrog skeleton (D:5)
  2 iguanas (D:6)
  A worker ant (D:5)
  6 adders
  A shadow imp (D:5)
  An ooze (D:2)
  2 worms
  A leopard gecko (D:1)
  10 orcs
  A ball python (D:6)
  6 giant cockroaches
  13 goblins
  9 hobgoblins
  10 jackals
  12 kobolds
  2 quokkas (D:6)
  A ball python zombie (D:5)
  6 bats
  4 frilled lizards
  A leopard gecko skeleton (D:4)
  2 leopard gecko zombies
  A quokka skeleton (D:4)
  8 rats
119 creatures vanquished.

Notes
Turn   | Place    | Note
-------+----------+-------------------------------------------
     0 | D:1      | inmateoo the Gargoyle Fighter began the quest for the Orb.
     0 | D:1      | Reached XP level 1. HP: 14/14 MP: 1/1
   510 | D:1      | Reached XP level 2. HP: 17/19 MP: 2/2
   980 | D:2      | Reached XP level 3. HP: 21/23 MP: 3/3
   997 | D:2      | Reached skill level 3 in Maces & Flails
  1052 | D:2      | Found an ancient bone altar of Kikubaaqudgha.
  1053 | D:2      | Found a snail-covered altar of Cheibriados.
  1187 | D:2      | Reached XP level 4. HP: 25/29 MP: 4/4
  1367 | D:2      | Found a shattered altar of Ashenzari.
  1926 | D:3      | Noticed Xiguana's ghost (amateur HESk)
  1943 | D:3      | Killed Xiguana's ghost
  1943 | D:3      | Reached skill level 4 in Maces & Flails
  1943 | D:3      | Reached XP level 5. HP: 27/34 MP: 5/5
  2187 | D:3      | Reached XP level 6. HP: 39/39 MP: 6/6
  2409 | D:4      | Found Najinn's Magic Scroll Shoppe.
  2412 | D:4      | Bought a scroll of identify for 26 gold pieces
  2412 | D:4      | Bought a scroll of enchant weapon for 97 gold pieces
  2521 | D:4      | Reached skill level 5 in Fighting
  2521 | D:4      | Reached skill level 5 in Maces & Flails
  2622 | D:4      | Found a bloodstained altar of Trog.
  2627 | D:4      | Noticed a phantom
  2700 | D:4      | Killed a phantom
  2700 | D:4      | Reached skill level 5 in Armour
  2700 | D:4      | Reached XP level 7. HP: 41/44 MP: 7/7
  3075 | D:5      | Entered Level 5 of the Dungeon
  3141 | D:5      | Noticed Eustachio
  3142 | D:5      | Noticed Blork the orc
  3339 | D:5      | Reached skill level 6 in Maces & Flails
  3477 | D:5      | Killed Blork the orc
  3552 | D:5      | Reached XP level 8. HP: 39/51 MP: 8/8
  4381 | D:6      | Reached skill level 7 in Maces & Flails
  4738 | D:6      | Got a pitted scale mail
  4749 | D:6      | Identified the +3 scale mail of the Vestibule of Hell {+Inv rF+ rCorr Stlth-} (You found it on level 6 of the Dungeon)
  4863 | D:5      | Slain by an orc warrior

Skill      XL: |  1  2  3  4  5  6  7  8 |
---------------+-------------------------+-----
Maces & Flails | 3 4 5 6 7 |  7.2
Fighting       | 4 5 6 |  6.3
Armour         | 4 5 6 |  6.0
Shields        | |  3.5

Action                   |  1- 3 |  4- 6 |  7- 9 || total
-------------------------+-------+-------+-------++-------
Melee: Flail             |   137 |   239 |   222 ||   598
Evoke: Wand              |       |       |     5 ||     5
  Use: Scroll            |       |     5 |     3 ||     8
       Potion            |       |     1 |     2 ||     3
  Eat: Chunk             |     1 |     5 |    13 ||    19
Armor: Scale mail        |   100 |   146 |    81 ||   327
       Chain mail        |       |       |    69 ||    69
Dodge: Dodged            |    59 |    68 |    64 ||   191
Block: Shield            |    80 |   115 |   116 ||   311
